 Dungeon Crawl Stone Soup version 0.23.2-1-ga50397a6bc (webtiles) character file.

Game seed: 14968906002199755808

275540 Lysie the Imperceptible (level 20, -7/121 HPs)
             Began as a Spriggan Enchanter on May 7, 2019.
             Was the Champion of Okawaru.
             Mangled by a spriggan berserker
             ... wielding a +0 antimagic quarterstaff
              (21 damage)
             ... on level 2 of the Depths.
             The game lasted 04:07:09 (43945 turns).

Lysie the Imperceptible (Spriggan Enchanter)       Turns: 43945, Time: 04:07:10

Health: -7/121     AC: 10    Str: 10    XL:     20   Next: 24%
Magic:  1/32       EV: 25    Int: 24    God:    Okawaru [******]
Gold:   2372       SH:  4    Dex: 14    Spells: 5/39 levels left

rFire    . . .     SeeInvis +   w - +5 pair of quick blades "Gyre" and "Gimble" {pierce, Dex-3}
rCold    + . .     Gourm    .   (shield currently unavailable)
rNeg     . . .     Faith    .   K - +2 robe of Distant Shores {*Drain +Fly Slay+2}
rPois    .         Spirit   .   T - +2 hat {MR+}
rElec    .         Reflect  +   N - scarf {cloud immunity}
rCorr    .         Harm     .   (gloves unavailable)
MR       ++++.                  (boots unavailable)
Stlth    ..........             R - +4 amulet of reflection
HPRegen  0.30/turn              U - ring of protection from cold
MPRegen  0.23/turn              M - +3 ring of protection

@: berserking, confusing touch, very quick
A: very small, unfitting armour, see invisible, herbivore, speed 3, frail 2, low
mp 1, slow metabolism 2, no potion heal 1
a: Heroism, Finesse, Renounce Religion, Evoke Flight


You were on level 2 of the Depths.
You worshipped Okawaru.
Okawaru was exalted by your worship.
You were not hungry.

You visited 7 branches of the dungeon, and saw 29 of its levels.
You also visited: Sewer and Gauntlet.

You collected 3482 gold pieces.
You spent 1110 gold pieces at shops.

Inventory:

Hand Weapons
 c - the +7 short sword of Hotatt {flame, MR+ Int+2}
   (You found it on level 11 of the Dungeon)

   It has been specially enchanted to burn those struck by it, causing extra
   injury to most foes and up to half again as much damage against particularly
   susceptible opponents.
   It affects your intelligence (+2).
   It affects your resistance to hostile enchantments.
 w - the +5 pair of quick blades "Gyre" and "Gimble" (weapon) {pierce, Dex-3}
   (You found it on level 14 of the Dungeon)

   It inflicts extra damage upon your enemies.
   It affects your dexterity (-3).
 x - a +0 blowgun
 P - a +4 demon blade of flaming
Missiles
 b - 40 needles of confusion
 m - 18 curare-tipped needles
 E - 8 needles of sleeping
 F - 149 poisoned needles
 L - 3 needles of paralysis
Armour
 k - a +2 buckler of protection
 o - a +2 robe of the Archmagi
 H - a +0 cloak of poison resistance
 K - the +2 robe of Distant Shores (worn) {*Drain +Fly Slay+2}
   (You found it on level 10 of the Dungeon)

   It affects your accuracy and damage with ranged weapons and melee attacks
   (+2).
   It lets you fly.
   It causes draining when unequipped.
 N - a scarf of cloud immunity (worn)
 T - a +2 hat of magic resistance (worn)
 Y - a +2 robe of cold resistance
Jewellery
 t - an uncursed ring of poison resistance
 C - an uncursed amulet of magic regeneration
 M - a +3 ring of protection (right hand)
 R - a +4 amulet of reflection (around neck)
 U - a ring of protection from cold (left hand)
Wands
 f - a wand of iceblast (19)
 p - a wand of enslavement (7)
 B - a wand of digging (11)
 I - a wand of polymorph (35)
 O - a wand of flame (11)
Scrolls
 h - 13 scrolls of teleportation
 i - 5 scrolls of magic mapping
 l - 16 scrolls of remove curse
 n - 5 scrolls of amnesia
 r - 4 scrolls of enchant weapon
 s - 2 scrolls of identify
 y - 6 scrolls of enchant armour
 A - 4 scrolls of fear
 D - 5 scrolls of fog
 G - 2 scrolls of immolation
 Q - a scroll of silence {unknown}
Potions
 a - 2 potions of brilliance
 e - 3 potions of might
 g - 6 potions of haste
 j - 3 potions of agility
 q - 2 potions of berserk rage
 u - 2 potions of cancellation
 v - 11 potions of curing
 z - 3 potions of invisibility
 J - a potion of ambrosia
 Z - 3 potions of magic
Comestibles
 d - 24 rations


   Skills:
 - Level 10.1 Fighting
 - Level 8.0 Short Blades
 - Level 10.0 Throwing
 - Level 11.7 Armour
 - Level 11.0 Dodging
 - Level 24.1 Stealth
 - Level 10.4 Spellcasting
 - Level 16.2 Hexes
 - Level 9.3 Summonings
 + Level 5.2 Earth Magic


You had 5 spell levels left.
You knew the following spells:

 Your Spells              Type           Power        Failure   Level  Hunger
a - Corona                Hex            ######.      0%          1    None
b - Ensorcelled Hibernat  Hex/Ice        ######       1%          2    None
c - Dazzling Spray        Conj/Hex       ######       1%          3    None
d - Confuse               Hex            ######..     1%          3    None
e - Confusing Touch       Hex            ######       0%          1    None
f - Shroud of Golubria    Chrm/Tloc      ##........   8%          2    None
g - Regeneration          Chrm/Necr      ##........   16%         3    None
h - Invisibility          Hex            ######..     1%          6    #####..
i - Summon Ice Beast      Ice/Summ       #####...     8%          4    None
j - Metabolic Englaciati  Hex/Ice        ######....   4%          5    ####...
k - Leda's Liquefaction   Hex/Erth       ######....   1%          4    None

Your spell library contained the following spells:

 Spells                   Type           Power        Failure   Level  Hunger
 Slow                     Hex            ######..     0%          2    None
 Summon Butterflies       Summ           ######..     1%          1    None
 Summon Small Mammal      Summ           ####         1%          1    None
 Call Imp                 Summ           ######..     1%          2    None
 Call Canine Familiar     Summ           ######..     1%          3    None
 Inner Flame              Hex/Fire       ######..     1%          3    None
 Portal Projectile        Hex/Tloc       ######       1%          3    None
 Spectral Weapon          Hex/Chrm       ######..     1%          3    None
 Summon Guardian Golem    Hex/Summ       ######..     1%          3    None
 Tukima's Dance           Hex            ######..     1%          3    None
 Cause Fear               Hex            ######....   1%          4    None
 Passwall                 Tmut/Erth      ####....     2%          2    None
 Animate Skeleton         Necr           N/A          4%          1    None
 Apportation              Tloc           ##....       4%          1    None
 Beastly Appendage        Tmut           ##....       4%          1    None
 Infusion                 Chrm           ##..         4%          1    None
 Magic Dart               Conj           ##..         4%          1    None
 Blink                    Tloc           N/A          8%          2    None
 Song of Slaying          Chrm           ##......     8%          2    None
 Sticks to Snakes         Tmut           ##......     8%          2    None
 Summon Lightning Spire   Summ/Air       #####...     8%          4    None
 Conjure Flame            Conj/Fire      ##......     16%         3    None
 Lesser Beckoning         Tloc           ##........   16%         3    None
 Mephitic Cloud           Conj/Pois/Air  ##......     16%         3    None
 Spider Form              Tmut/Pois      ##........   16%         3    None
 Static Discharge         Conj/Air       ##......     16%         3    None
 Ice Form                 Ice/Tmut       ##......     45%         4    None
 Alistair's Intoxication  Tmut/Pois      ##......     80%         5    ####...
 Blade Hands              Tmut           ##........   80%         5    ####...
 Lightning Bolt           Conj/Air       ##........   80%         5    ####...
 Statue Form              Tmut/Erth      ####.....    95%         6    #####..
 Bolt of Cold             Conj/Ice       ##........   100%        6    #####..
 Freezing Cloud           Conj/Ice/Air   ##........   100%        6    #####..
 Ozocubu's Refrigeration  Ice            ##........   100%        6    #####..
 Simulacrum               Ice/Necr       ##........   100%        6    #####..
 Ignition                 Fire           ##........   100%        8    #######
 Shatter                  Erth           #####.....   100%        9    #######
 Tornado                  Air            ##........   100%        9    #######


Dungeon Overview and Level Annotations

Branches:
Dungeon (15/15)            Temple (1/1) D:6            Lair (6/6) D:9
  Swamp (1/4) Lair:4       Spider (0/4) Lair:2        Slime (0/5) Lair:5
    Orc (2/2) D:10            Elf (2/3) Orc:2        Vaults (0/5) D:13
 Depths (2/5) D:15

Altars:
Ashenzari
Cheibriados
Dithmenos
Elyvilon
Fedhas
Gozag
Hepliaklqana
Kikubaaqudgha
Makhleb
Nemelex Xobeh
Okawaru
Qazlal
Ru
Sif Muna
Trog
Uskayaw
Vehumet
Wu Jian
Xom
Yredelemnul
Zin
The Shining One
Beogh

Shops:
Orc:2 [**:?

Portals:
Hell: Depths:1
Abyss: Depths:1
Trove: D:12 (give 12 potions of heal wounds)

Annotations:
D:6 3 runed translucent doors, voshxz's ghost, novice MiBe
D:10 2 runed translucent doors, Freyura's ghost, journeyman GnFi


Innate Abilities, Weirdness & Mutations

You are very small and have problems with some larger weapons.
You are too small for most types of armour.
You have supernaturally acute eyesight. (SInv)
You are a herbivore.
You cover ground extremely quickly.
You need to consume almost no food.
You are very frail. (-20% HP)
Your magical capacity is low. (-10% MP)
Potions are less effective at restoring your health.


Message History

Okay, then.
Unknown command.
Evoke which item? (* to show all) (? for menu, Esc to quit)
Aiming: Enslavement
Press: ? - help, Shift-Dir - straight line, f - spriggan berserker
Aim: a spriggan berserker, wielding a +0 antimagic quarterstaff and wearing a +0 robe (severely wounded, berserk, fast, unusually strong, poisoned, regenerating, resistant to hostile enchantments, chance to confuse on hit: 40%, chance to defeat MR: 0%)
Okay, then.
Casting: Confusing Touch (safe; 0% risk of failure)
Confirm with . or Enter, or press ? or * to list all spells.
You don't have enough magic to cast that spell.
Press: ? - help, v - describe, . - travel
Here: a spriggan berserker, wielding a +0 antimagic quarterstaff and wearing a +0 robe (severely wounded, berserk, fast, unusually strong, poisoned, regenerating, resistant to hostile enchantments, chance to confuse on hit: 40%)
The floor, spattered with blood.
Unknown command.
Evoke which item? (* to show all) (? for menu, Esc to quit)
Okay, then.
A red film seems to cover your vision as you go berserk!
You feel yourself moving faster!
You feel mighty!
The spriggan berserker hits you with a +0 antimagic quarterstaff!!
You die...

##.##.....# .....
#)..#.....# .....
#...#.....#......
#..##.....#C.....
##..#.....#Qp....
#..#....§#C)....
##.#...§§#[.....
####.#.[..i#
.....
#.#..#....@#
.....
#...##.....# ....
##.###.....# ....
##.# #.....# #..#
#...(.# ####
#.####.....# ....
#....#.....# .T.T
#(##.#.....# ..
#(##.#.....#


You could see a spriggan berserker (berserk).

Vanquished Creatures
  Mara (Depths:2)
  A juggernaut (Depths:2)
  Saint Roka (Elf:2)
  A golden dragon (Depths:2)
  The ghost of Gottoepp the Wallflower, a veteran DsGl of Uskayaw (Elf:2)
  Jorgrun (Elf:2)
  A deep elf blademaster (Elf:2)
  A titan (Elf:2)
  A deep elf master archer (Elf:2)
  A storm dragon (Elf:1)
  Roxanne (D:14)
  3 frost giants (Depths:2)
  Aizul (Elf:1)
  3 fire giants
  2 iron dragons
  An orc warlord (Orc:1)
  A deep elf sorcerer (Elf:1)
  A deep elf elementalist (Elf:1)
  7 stone giants
  2 deep elf demonologists (Elf:1)
  A dire elephant (Lair:6)
  3 minotaurs
  A merfolk javelineer (Elf:2)
  3 ettins (Depths:2)
  A yaktaur captain (Depths:2)
  2 merfolk impalers
  A deep elf death mage (Elf:1)
  Josephine (D:11)
  4 fire dragons
  A deep elf high priest (Elf:1)
  3 ice dragons
  2 rakshasas
  8 hydras
  Fannar (D:11)
  4 vault guards (D:13)
  Erolcha (D:11)
  2 spriggan air magi
  4 centaur warriors
  4 ogre magi
  A catoblepas (Lair:6)
  Erica (D:11)
  A death knight (D:12)
  An alligator (Swamp:1)
  10 two-headed ogres
  3 deep troll shamans
  5 death yaks (Lair:6)
  21 dancing weapons
  8 orc high priests
  A deep troll earth mage (Depths:2)
  A vampire mage (Depths:1)
  13 deep elf knights
  Nergalle (D:12)
  Urug (Orc:1)
  Sonja (D:11)
  A storm dragon zombie (D:15)
  A fire crab (shapeshifter) (Elf:1)
  13 skeletal warriors
  2 unseen horrors
  An iron troll (Depths:2)
  7 deep elf archers
  A flayed ghost (Depths:2)
  A swamp dragon (Swamp:1)
  4 deep trolls (Depths:2)
  6 wizards (D:12)
  Pikel (D:5)
  6 orc knights
  2 necromancers
  A phantasmal warrior (D:15)
  A harpy (shapeshifter) (Gauntlet)
  18 ugly things
  47 deep elf magi
  An orc sorcerer (Orc:1)
  2 oklob plants (Lair:4)
  The ghost of Toogi the Covert, a novice FeTm of Dithmenos (Orc:1)
  2 cyclopes (D:15)
  2 manticores
  A wolf spider zombie (D:15)
  A salamander (shapeshifter) (Gauntlet)
  10 elephants
  A fire giant zombie (D:15)
  2 black mambas
  4 molten gargoyles (D:15)
  4 gargoyles
  2 orange demons (Gauntlet)
  3 centaur skeletons
  14 spiny frogs
  An efreet (D:11)
  2 kobold demonologists (D:11)
  8 komodo dragons
  7 yaktaurs
  7 trolls
  A guardian mummy (D:15)
  A hornet (D:11)
  A polar bear (Lair:5)
  2 queen bees
  6 meliai
  A meliai (shapeshifter) (Gauntlet)
  A jumping spider (Lair:2)
  27 blink frogs
  13 slime creatures
  A tyrant leech (Lair:4)
  6 hippogriffs
  Grinder (D:3)
  An air elemental (Elf:2)
  A vampire (D:14)
  A tarantella (shapeshifter) (D:13)
  6 water elementals
  3 fire elementals
  45 yaks
  9 wyverns
  9 wraiths
  2 basilisks
  Eustachio (D:4)
  5 hungry ghosts
  7 wargs
  3 soldier ants (D:6)
  7 water moccasins
  8 porcupines
  4 ice beasts
  A hornet zombie (D:15)
  48 orc warriors
  5 sky beasts
  An eye of draining (D:14)
  A necrophage (D:8)
  15 ogres
  3 phantoms
  8 boggarts
  18 wolves
  2 black bears
  10 centaurs
  12 crocodiles
  3 big kobolds
  A gnoll sergeant (Orc:1)
  4 small abominations (Gauntlet)
  Blork the orc (D:6)
  24 bullfrogs
  2 yaktaur skeletons (D:15)
  An earth elemental (Elf:2)
  A wyvern skeleton (D:14)
  6 scorpions
  55 killer bees
  6 howler monkeys
  9 wights
  7 crimson imps
  3 quasits
  A bullfrog zombie (D:12)
  7 centaur zombies
  4 hounds
  11 jellies
  A bullfrog skeleton (D:7)
  A gnoll shaman (D:6)
  53 orc priests
  2 iguanas
  Terence (D:3)
  20 worker ants
  22 orc wizards
  A spectral orc (Orc:1)
  3 polar bear simulacra (Lair:6)
  3 yak simulacra (Lair:6)
  4 wolf simulacra (Lair:6)
  2 hound zombies
  2 hound skeletons
  10 gnolls
  A howler monkey skeleton (D:10)
  An ogre simulacrum (Orc:1)
  25 adders
  4 river rats
  4 shadow imps
  9 oozes
  5 orc simulacra (Orc:1)
  3 adder skeletons
  5 worms
  6 dart slugs
  4 leopard geckos
  114 orcs
  14 ball pythons
  8 bats
  5 giant cockroaches
  12 goblins
  10 hobgoblins
  13 jackals
  6 quokkas
  10 frilled lizards
  28 kobolds
  A leopard gecko zombie (D:5)
  A quokka skeleton (D:5)
  33 rats
  A river rat simulacrum (Lair:6)
1227 creatures vanquished.

Vanquished Creatures (collateral kills)
  2 orcs (D:12)
  A plant (Lair:6)
3 creatures vanquished.

Vanquished Creatures (others)
  A merfolk javelineer (Elf:2)
  A deep troll (Depths:2)
  A wizard (D:12)
  A deep elf mage (Elf:2)
  An air elemental (Elf:1)
  An orc warrior (Elf:2)
  4 centaurs (D:12)
  An orc wizard (D:6)
  2 gnolls (D:5)
  2 orcs
  2 bushes
  10 fungi
  2 plants (Lair:6)
  12 withered plants (D:15)
41 creatures vanquished.

Grand Total: 1271 creatures vanquished

Notes
Turn   | Place    | Note
-------+----------+-------------------------------------------
     0 | D:1      | Lysie the Spriggan Enchanter began the quest for the Orb.
     0 | D:1      | Reached XP level 1. HP: 9/9 MP: 5/5
   118 | D:1      | Reached XP level 2. HP: 14/14 MP: 6/6
   965 | D:1      | Learned a level 2 spell: Ensorcelled Hibernation
  1084 | D:2      | Reached skill level 1 in Fighting
  1084 | D:2      | Reached XP level 3. HP: 18/18 MP: 5/8
  1119 | D:2      | Found a deep blue altar of Sif Muna.
  1447 | D:2      | Noticed an ice beast
  1476 | D:2      | Reached XP level 4. HP: 22/22 MP: 2/9
  1488 | D:2      | Learned a level 3 spell: Dazzling Spray
  1574 | D:2      | Killed an ice beast
  1574 | D:2      | Reached skill level 5 in Hexes
  1574 | D:2      | Reached XP level 5. HP: 25/25 MP: 0/10
  1705 | D:2      | Noticed a sky beast
  1830 | D:2      | Killed a sky beast
  1830 | D:2      | Reached XP level 6. HP: 22/30 MP: 1/11
  2359 | D:3      | Reached skill level 5 in Short Blades
  2796 | D:3      | Noticed Grinder
  2822 | D:3      | Killed Grinder
  2822 | D:3      | Reached XP level 7. HP: 25/35 MP: 1/12
  3010 | D:3      | Noticed Terence
  3013 | D:3      | Killed Terence
  3096 | D:3      | Reached skill level 5 in Stealth
  3688 | D:4      | Noticed Eustachio
  3699 | D:4      | Killed Eustachio
  3699 | D:4      | Reached skill level 6 in Stealth
  3919 | D:4      | Found a snail-covered altar of Cheibriados.
  4019 | D:4      | Found a burning altar of Makhleb.
  4060 | D:5      | Entered Level 5 of the Dungeon
  4259 | D:5      | Reached skill level 7 in Stealth
  4312 | D:5      | Noticed Pikel
  4548 | D:5      | Killed Pikel
  4548 | D:5      | Reached skill level 9 in Stealth
  4548 | D:5      | Reached XP level 8. HP: 36/39 MP: 8/13
  4649 | D:5      | Reached skill level 10 in Stealth
  5050 | D:5      | Found a glowing golden altar of the Shining One.
  5137 | D:6      | Found a staircase to the Ecumenical Temple.
  5165 | Temple   | Entered the Ecumenical Temple
  5206 | Temple   | Became a worshipper of Warmaster Okawaru
  5340 | D:6      | Reached skill level 11 in Stealth
  5342 | D:6      | Found a runed translucent door.
  5365 | D:6      | Found a glowing drain.
  5374 | Sewer    | Entered a sewer
  5843 | Sewer    | Reached XP level 9. HP: 18/42 MP: 0/14
  6109 | D:6      | Noticed Blork the orc
  6113 | D:6      | Reached skill level 12 in Stealth
  6123 | D:6      | Found a runed translucent gate.
  6125 | D:6      | Found the +9 staff of Olgreb {rPois}
  6128 | D:6      | Found a runed translucent door.
  6254 | D:6      | Killed Blork the orc
  6348 | D:6      | Found an opulent altar of Gozag.
  6677 | D:6      | Noticed voshxz's ghost (novice MiBe)
  6827 | D:6      | Found a runed translucent gate.
  6841 | D:6      | Found a runed translucent gate.
  6847 | D:6      | Found a runed translucent door.
  6927 | D:6      | Reached skill level 13 in Stealth
  6929 | D:6      | Reached * piety under Okawaru
  7169 | D:6      | Reached skill level 10 in Hexes
  7585 | D:7      | Found a shimmering altar of Xom.
  7752 | D:7      | Learned a level 3 spell: Confuse
  7755 | D:7      | Reached ** piety under Okawaru
  7820 | D:7      | Reached skill level 5 in Dodging
  7949 | D:7      | Found a glowing silver altar of Zin.
  8102 | D:7      | Found an ancient bone altar of Kikubaaqudgha.
  8181 | D:8      | Reached XP level 10. HP: 38/46 MP: 3/15
  8183 | D:8      | Found a radiant altar of Vehumet.
  8589 | D:8      | Noticed a +0 dagger
  8590 | D:8      | Noticed a +0 hand axe
  8593 | D:8      | Found a hide-covered altar of Uskayaw.
  8745 | D:8      | Reached *** piety under Okawaru
  9130 | D:9      | Reached skill level 10 in Dodging
  9180 | D:8      | Learned a level 1 spell: Confusing Touch
  9753 | D:9      | Found a staircase to the Lair.
  9754 | D:9      | Found a sparkling altar of Nemelex Xobeh.
  9800 | D:9      | Reached skill level 5 in Spellcasting
 10119 | D:9      | Reached **** piety under Okawaru
 10499 | D:9      | Reached XP level 11. HP: 50/50 MP: 21/23
 10641 | D:10     | Entered Level 10 of the Dungeon
 10677 | D:10     | Found a staircase to the Orcish Mines.
 10756 | D:10     | Received a gift from Okawaru
 10865 | D:10     | Reached ***** piety under Okawaru
 10925 | D:10     | Noticed Freyura's ghost (journeyman GnFi)
 10926 | D:10     | Noticed a lich
 11091 | D:10     | Reached skill level 10 in Spellcasting
 11429 | D:10     | Reached skill level 1 in Throwing
 11475 | D:10     | Found a runed translucent door.
 11480 | D:10     | Noticed a skeletal warrior
 11481 | D:10     | Noticed a necromancer
 11481 | D:10     | Noticed a skeletal warrior
 11488 | D:10     | Noticed an anaconda
 11490 | D:10     | Noticed a flayed ghost
 11492 | D:10     | an anaconda changed into a tyrant leech
 11493 | D:10     | Noticed an entropy weaver
 11493 | D:10     | a tyrant leech changed into an entropy weaver
 11494 | D:10     | Found a runed translucent door.
 11675 | D:10     | Got a dull robe
 11686 | D:10     | Identified the +2 robe of Distant Shores {*Drain +Fly
                  | Slay+2} (You found it on level 10 of the Dungeon)
 11689 | D:10     | Learned a level 2 spell: Shroud of Golubria
 11691 | D:10     | Learned a level 1 spell: Summon Small Mammal
 12031 | Lair:1   | Entered Level 1 of the Lair of Beasts
 12079 | Lair:1   | Received a gift from Okawaru
 12138 | Lair:1   | Reached skill level 5 in Throwing
 12296 | Lair:1   | Noticed an eight-headed hydra
 12303 | Lair:1   | Killed an eight-headed hydra
 12318 | Lair:1   | Received a gift from Okawaru
 12741 | Lair:2   | Noticed a six-headed hydra
 12747 | Lair:2   | Killed a six-headed hydra
 12747 | Lair:2   | Reached ****** piety under Okawaru
 12747 | Lair:2   | Received a gift from Okawaru
 12753 | Lair:2   | Reached XP level 12. HP: 54/54 MP: 20/27
 12994 | Lair:2   | Received a gift from Okawaru
 13108 | Lair:2   | Reached skill level 10 in Throwing
 13132 | Lair:2   | Found a hole to the Spider Nest.
 13146 | Lair:2   | Found a gate leading to a gauntlet.
 13153 | Gauntlet | Entered a Gauntlet
 13153 | Gauntlet | Found a transporter.
 13158 | Gauntlet | Found a transporter.
 13158 | Gauntlet | Found a transporter.
 13160 | Gauntlet | Found a transporter.
 13190 | Gauntlet | Found a transporter.
 13193 | Gauntlet | Received a gift from Okawaru
 13204 | Gauntlet | Found a transporter.
 13381 | Gauntlet | Found a transporter.
 13382 | Gauntlet | Found a transporter.
 13474 | Gauntlet | Found a large runed translucent door.
 13474 | Gauntlet | Found a large runed translucent door.
 13475 | Gauntlet | Found a large runed translucent door.
 13475 | Gauntlet | Found a large runed translucent door.
 13476 | Gauntlet | Found a large runed translucent door.
 13476 | Gauntlet | Found a large runed translucent door.
 13476 | Gauntlet | Found a large runed translucent door.
 13476 | Gauntlet | Found a large runed translucent door.
 13477 | Gauntlet | Found a runed translucent door.
 13478 | Gauntlet | Found a transporter.
 13479 | Gauntlet | Found a runed translucent door.
 13480 | Gauntlet | Found a large runed translucent door.
 13480 | Gauntlet | Found a large runed translucent door.
 13480 | Gauntlet | Found a large runed translucent door.
 13480 | Gauntlet | Found a large runed translucent door.
 13481 | Gauntlet | Found a large runed translucent door.
 13481 | Gauntlet | Found a large runed translucent door.
 13482 | Gauntlet | Found a large runed translucent door.
 13482 | Gauntlet | Found a large runed translucent door.
 13486 | Gauntlet | Noticed a green death
 13486 | Gauntlet | Found a runed translucent gate.
 13486 | Gauntlet | Found a runed translucent gate.
 13486 | Gauntlet | Found a runed translucent gate.
 13487 | Gauntlet | Found a transporter.
 13535 | Gauntlet | Found a transporter.
 13647 | Gauntlet | Found a transporter.
 13709 | Gauntlet | Identified the cursed ring of Onithraz {AC-4 Str+4}
 13709 | Gauntlet | Noticed a minotaur
 13717 | Gauntlet | Killed a minotaur
 13717 | Gauntlet | Reached skill level 5 in Fighting
 13871 | Lair:2   | Noticed a five-headed hydra
 13887 | Lair:2   | Killed a five-headed hydra
 14328 | Lair:3   | Received a gift from Okawaru
 15819 | Lair:4   | Received a gift from Okawaru
 15819 | Lair:4   | Reached XP level 13. HP: 60/68 MP: 28/28
 16289 | Lair:4   | Found a staircase to the Swamp.
 16498 | Lair:5   | Found a staircase to the Slime Pits.
 16573 | Lair:5   | Received a gift from Okawaru
 16602 | Lair:5   | Learned a level 3 spell: Summon Guardian Golem
 16729 | Lair:5   | You fall through a shaft!
 16729 | Lair:6   | Entered Level 6 of the Lair of Beasts
 16730 | Lair:6   | Noticed a dire elephant
 17099 | Lair:5   | Reached skill level 1 in Summonings
 17938 | Lair:5   | Reached skill level 5 in Summonings
 18490 | Lair:6   | Received a gift from Okawaru
 19343 | Lair:6   | Learned a level 4 spell: Summon Ice Beast
 19564 | Lair:6   | Received a gift from Okawaru
 19564 | Lair:6   | Reached XP level 14. HP: 58/75 MP: 8/29
 20265 | Lair:6   | Received a gift from Okawaru
 21459 | D:11     | Noticed Erica
 21466 | D:11     | Killed Erica
 21541 | D:11     | Noticed Fannar
 21703 | D:11     | Killed Fannar
 22058 | D:11     | Got a brightly glowing short sword
 22059 | D:11     | Identified the +7 short sword of Hotatt {flame, MR+ Int+2}
                  | (You found it on level 11 of the Dungeon)
 22315 | D:11     | Noticed Sonja
 22329 | D:11     | Killed Sonja
 22746 | D:11     | Noticed Erolcha
 22753 | D:11     | Killed Erolcha
 22842 | D:11     | Noticed Josephine
 22850 | D:11     | Killed Josephine
 23018 | D:12     | Noticed Nergalle
 23019 | D:12     | Killed Nergalle
 23022 | D:12     | Found a roughly hewn altar of Beogh.
 23046 | D:12     | Received a gift from Okawaru
 24489 | D:12     | Learned a level 5 spell: Metabolic Englaciation
 25271 | D:12     | Found a portal to a secret trove of treasure.
 25736 | D:13     | Found a gate to the Vaults.
 25994 | D:13     | Reached XP level 15. HP: 79/79 MP: 27/30
 26164 | D:13     | Received a gift from Okawaru
 26164 | D:13     | Reached skill level 15 in Hexes
 26562 | D:13     | Received a gift from Okawaru
 26763 | D:14     | Found the +5 pair of quick blades "Gyre" and "Gimble"
                  | {pierce, Dex-3}
 27173 | D:14     | Identified Roxanne's Guide on Transmigration
 27173 | D:14     | Noticed Roxanne
 27496 | D:14     | Killed Roxanne
 27496 | D:14     | Reached skill level 14 in Stealth
 27770 | D:14     | Reached skill level 15 in Stealth
 27876 | Orc:1    | Entered Level 1 of the Orcish Mines
 27969 | Orc:1    | Noticed Urug
 28002 | Orc:1    | Killed Urug
 28202 | Orc:1    | Found a runed translucent gate.
 28202 | Orc:1    | Found a runed translucent gate.
 28202 | Orc:1    | Found a runed translucent gate.
 28281 | Orc:1    | Noticed Toogi's ghost (novice FeTm)
 28365 | Orc:1    | Killed Toogi's ghost
 28415 | Orc:2    | Entered Level 2 of the Orcish Mines
 28753 | Orc:2    | Reached skill level 16 in Stealth
 29059 | Orc:2    | Identified a scroll of acquirement
 29068 | Orc:2    | Learned a level 3 spell: Regeneration
 29090 | Orc:2    | Found Bafin's Magic Scroll Boutique.
 29102 | Orc:2    | Received a gift from Okawaru
 29135 | Orc:2    | Found Epiroc's Book Shoppe.
 29364 | Orc:2    | Bought a book of Party Tricks for 650 gold pieces
 29371 | Orc:2    | Learned a level 6 spell: Invisibility
 29376 | Orc:2    | Learned a level 4 spell: Leda's Liquefaction
 29450 | Orc:2    | Found a roughly hewn altar of Beogh.
 29521 | Orc:2    | Found Gab Itun's Assorted Antiques.
 29521 | Orc:2    | Found Qasi's Armour Shoppe.
 29557 | Orc:2    | Found a staircase to the Elven Halls.
 29606 | Orc:2    | Reached skill level 17 in Stealth
 29757 | Orc:2    | Found Oguepohozu's General Store.
 30047 | Orc:2    | Bought a scroll of enchant armour for 97 gold pieces
 30047 | Orc:2    | Bought a scroll of enchant armour for 97 gold pieces
 30047 | Orc:2    | Bought a scroll of blinking for 97 gold pieces
 30047 | Orc:2    | Bought a scroll of teleportation for 39 gold pieces
 30047 | Orc:2    | Bought a scroll of teleportation for 39 gold pieces
 30047 | Orc:2    | Bought a scroll of identify for 26 gold pieces
 30047 | Orc:2    | Bought a scroll of identify for 26 gold pieces
 30047 | Orc:2    | Bought a scroll of teleportation for 39 gold pieces
 30127 | Orc:1    | Found a roughly hewn altar of Beogh.
 30311 | Orc:1    | Noticed an orc warlord
 30340 | Orc:1    | Killed an orc warlord
 30486 | Orc:1    | Found a roughly hewn altar of Beogh.
 30941 | D:15     | Entered Level 15 of the Dungeon
 30969 | D:15     | Reached skill level 18 in Stealth
 31243 | D:15     | Reached XP level 16. HP: 49/84 MP: 26/31
 31450 | D:15     | Reached skill level 19 in Stealth
 32023 | D:15     | Received a gift from Okawaru
 32059 | D:15     | Reached skill level 20 in Stealth
 32060 | D:15     | Found a staircase to the Depths.
 32526 | D:15     | Reached skill level 21 in Stealth
 32660 | D:14     | Reached skill level 10 in Fighting
 32660 | D:14     | Reached XP level 17. HP: 89/89 MP: 32/32
 32673 | D:14     | Reached XP level 18. HP: 93/93 MP: 33/33
 32797 | Elf:1    | Entered Level 1 of the Elven Halls
 33172 | Elf:1    | Gained mutation: You are frail. (-10% HP) [mutagenic glow]
 33500 | Elf:1    | Noticed Aizul
 33594 | Elf:1    | Gained mutation: Your magical capacity is low. (-10% MP)
                  | [mutagenic glow]
 33801 | Elf:1    | Reached skill level 22 in Stealth
 33989 | Elf:1    | Received a gift from Okawaru
 34141 | Elf:1    | Gained mutation: Potions are less effective at restoring
                  | your health. [mutagenic glow]
 34255 | Elf:1    | Received a gift from Okawaru
 34472 | Elf:1    | Reached skill level 23 in Stealth
 34489 | Elf:1    | Found a runed translucent gate.
 34489 | Elf:1    | Found a runed translucent gate.
 34489 | Elf:1    | Found a runed translucent gate.
 34489 | Elf:1    | Found a runed translucent gate.
 34489 | Elf:1    | Found a runed translucent gate.
 34489 | Elf:1    | Found a runed translucent gate.
 34622 | Elf:1    | Received a gift from Okawaru
 34820 | Elf:1    | Killed Aizul
 34913 | Elf:1    | Received a gift from Okawaru
 35099 | Elf:1    | Reached skill level 24 in Stealth
 35415 | Elf:2    | Found a runed translucent gate.
 35415 | Elf:2    | Found a runed translucent gate.
 35415 | Elf:2    | Found a runed translucent gate.
 35422 | Elf:2    | Noticed Gottoepp's ghost (veteran DsGl)
 35424 | Elf:2    | Found an iron altar of Okawaru.
 35557 | Elf:2    | Found a huge runed translucent gate.
 35557 | Elf:2    | Found a huge runed translucent gate.
 35557 | Elf:2    | Found a huge runed translucent gate.
 35557 | Elf:2    | Found a huge runed translucent gate.
 35559 | Elf:2    | Found a huge runed translucent gate.
 35696 | Elf:2    | Received a gift from Okawaru
 35732 | Elf:2    | Reached skill level 5 in Armour
 35732 | Elf:2    | Reached XP level 19. HP: 82/88 MP: 24/31
 36069 | Elf:2    | Noticed Jorgrun
 36078 | Elf:2    | Killed Jorgrun
 36324 | Elf:2    | Noticed Saint Roka
 36647 | Elf:2    | Killed Saint Roka
 37048 | Elf:2    | Killed Gottoepp's ghost
 37596 | Elf:2    | Received a gift from Okawaru
 38075 | Swamp:1  | Entered Level 1 of the Swamp
 38495 | Depths:1 | Entered Level 1 of the Depths
 38507 | Depths:1 | Found a shattered altar of Ashenzari.
 38985 | Depths:1 | Found a one-way gate to the infinite horrors of the Abyss.
 39010 | Depths:1 | Found a gateway to Hell.
 40411 | Depths:2 | Noticed a juggernaut
 41049 | Depths:2 | Killed a juggernaut
 41049 | Depths:2 | Reached skill level 10 in Armour
 41391 | Depths:2 | Noticed a golden dragon
 41688 | Depths:2 | Noticed Mara
 41727 | Depths:2 | Killed Mara
 41760 | Depths:2 | Received a gift from Okawaru
 42173 | Depths:2 | Reached XP level 20. HP: 81/91 MP: 28/32
 42492 | Depths:2 | Received a gift from Okawaru
 42492 | Depths:2 | Reached skill level 1 in Earth Magic
 42533 | Depths:2 | Identified the cursed +3 flail "Kaolone" {antimagic, Int+4}
 42568 | Depths:2 | Killed a golden dragon
 43593 | Depths:2 | Received a gift from Okawaru
 43616 | Depths:2 | Reached skill level 5 in Earth Magic
 43694 | Depths:2 | Gained mutation: You are very frail. (-20% HP) [mutagenic
                  | glow]
 43837 | Depths:2 | Noticed a juggernaut
 43837 | Depths:2 | Identified the ring "Saam" {Wiz Int+3}
 43862 | Depths:2 | Found a runed translucent door.
 43903 | Depths:2 | Noticed a juggernaut
 43945 | Depths:2 | Mangled by a spriggan berserker

Skill      XL: |  1  2  3  4  5  6  7  8  9 10 11 12 13 14 15 16 17 18 19 20 |
---------------+-------------------------------------------------------------+-----
Hexes          | 4 5 8 9 10 14 16 | 16.2
Short Blades   | 2 4 5 8 |  8.0
Fighting       | 1 2 7 9 10 | 10.1
Stealth        | 9 11 13 18 21 24 | 24.1
Dodging        | 5 11 | 11.0
Spellcasting   | 7 10 | 10.4
Throwing       | 8 10 | 10.0
Summonings     | 8 9 |  9.3
Armour         | 4 5 11 | 11.7
Earth Magic    | 5 |  5.2

Action                   |  1- 3 |  4- 6 |  7- 9 | 10-12 | 13-15 | 16-18 | 19-21 || total
-------------------------+-------+-------+-------+-------+-------+-------+-------++-------
Melee: Dagger            |   134 |    94 |   505 |  1025 |   471 |       |       ||  2229
       Short sword       |       |       |       |       |   441 |       |       ||   441
       Pair of quick bla |       |       |       |       |   536 |   337 |   445 ||  1318
 Fire: Blowgun           |       |       |       |     8 |    68 |       |       ||    76
 Cast: Corona            |    10 |       |       |       |     1 |       |       ||    11
       Ensorcelled Hiber |    10 |     8 |    61 |    22 |   198 |    24 |    16 ||   339
       Dazzling Spray    |       |     8 |    41 |    20 |   165 |     7 |    11 ||   252
       Confuse           |       |       |     7 |    76 |    87 |    18 |    19 ||   207
       Confusing Touch   |       |       |       |    65 |    27 |    29 |    44 ||   165
       Summon Small Mamm |       |       |       |     1 |     1 |       |       ||     2
       Summon Ice Beast  |       |       |       |       |     7 |       |       ||     7
       Shroud of Golubri |       |       |       |       |     3 |     2 |    15 ||    20
       Summon Guardian G |       |       |       |       |     1 |       |       ||     1
       Metabolic Englaci |       |       |       |       |     3 |     1 |     2 ||     6
       Invisibility      |       |       |       |       |     1 |    13 |    14 ||    28
       Regeneration      |       |       |       |       |     1 |     1 |       ||     2
       Leda's Liquefacti |       |       |       |       |     1 |       |       ||     1
Invok: Heroism           |       |       |       |     7 |    14 |     5 |    11 ||    37
       Finesse           |       |       |       |       |     3 |     1 |       ||     4
 Abil: Evoke Flight      |       |       |       |       |       |       |     1 ||     1
Evoke: Wand              |       |       |       |     4 |     7 |     1 |       ||    12
  Use: Scroll            |     6 |     1 |    16 |     7 |    20 |     4 |     5 ||    59
       Potion            |       |       |     4 |     4 |     9 |     4 |     1 ||    22
 Stab: Sleeping          |    11 |    14 |    45 |    57 |   133 |    22 |    30 ||   312
       Distracted        |     1 |       |     2 |     5 |    10 |     2 |     2 ||    22
       Invisible         |       |     1 |    10 |    11 |    67 |    85 |    71 ||   245
       Confused          |       |       |     5 |   102 |    80 |    58 |    77 ||   322
  Eat: Ration            |       |     1 |     7 |     5 |     9 |     5 |     7 ||    34
Armor: Robe              |    15 |    11 |    33 |    38 |    95 |    12 |    19 ||   223
       Troll leather arm |       |       |       |    15 |       |       |       ||    15
Dodge: Dodged            |   104 |    59 |   346 |   492 |   813 |    89 |   182 ||  2085
Block: Buckler           |       |       |    31 |   214 |   508 |       |       ||   753
       Reflection        |       |       |       |       |    29 |     1 |     4 ||    34
       Other             |       |       |       |       |    27 |     9 |    29 ||    65
